AoeStats
← NPG | FishCL

Nomad

504620048Analyzed
4v4 RM · 25d ago on Sep 6, 2026· 47m 51s· 8 players
Game mode
Random Map
Map size
231×231
Population
200
Speed
Normal
Resources
Standard
Victory
Conquest
Starting age
Dark Age
Ending age
Imperial Age
RankedLock teamsTeams togetherTeam positionsShared explorationLock speedFull tech treeHidden civsTurbo modeCheats
Victory
Defeat
🇺🇸 Mapuche · United States
1898
+5
🇨🇱 Poles · Chile
1652
+13
🇦🇷 Ethiopians · Argentina
1548
+17
🇨🇳 Burmese · China
1523
+18
1729
-19
🇨🇱 Teutons · Chile
1656
-16
1580
-13
1344
-5
NPG | Dequetelasdai
4:45 Loom
12:47 Feudal Age
14:47 Fletching
21:08 Castle Age
20:00 Padded Archer Armor
20:11 Double-Bit Axe
21:10 Elite Skirmisher
22:17 Bodkin Arrow
29:38 Wheelbarrow
NPG | FishCL
5:01 Loom
12:21 Feudal Age
13:24 Town Watch
13:30 Double-Bit Axe
15:45 Fletching
23:02 Castle Age
22:01 Stone Mining
23:33 Crossbowman
NPG EL POLLA RECORDS
5:20 Loom
13:16 Feudal Age
18:49 Castle Age
16:53 Double-Bit Axe
17:27 Fishing Lines
18:45 Fletching
19:23 Crossbowman
21:42 Bodkin Arrow
26:39 Wheelbarrow
26:38 Bow Saw
26:11 Horse Collar
27:37 Town Watch
28:59 Heavy Plow
30:46 Husbandry
36:09 Imperial Age
33:58 Hand Cart
34:12 Gillnets
36:06 Ballistics
38:24 Padded Archer Armor
38:37 Bracer
40:36 Elite Elephant Archer
42:02 Conscription
45:10 Leather Archer Armor
47:42 Thumb Ring
NPG | Shimishi Maki
6:48 Loom
13:48 Feudal Age
17:29 Castle Age
16:08 Forging
17:11 Double-Bit Axe
18:27 Medium Warships
18:55 Iron Casting
18:10 Fishing Lines
21:14 Bow Saw
21:19 Town Watch
21:16 Horse Collar
23:14 Wheelbarrow
22:36 Gillnets
23:52 Heavy Plow
24:20 Stone Mining
24:49 Hand Cart
25:05 Fletching
30:19 Gold Mining
33:16 Imperial Age
31:21 Scale Barding Armor
32:00 Ballistics
33:04 Gold Shaft Mining
33:18 Chain Barding Armor
33:34 Bloodlines
33:25 Husbandry
34:36 Plate Barding Armor
34:13 Elite Konnik
38:31 Blast Furnace
42:38 Scale Mail Armor
43:31 Coinage
43:46 Stirrups
44:11 Conscription
45:33 Chain Mail Armor
45:20 Squires
45:35 Pikeman
HR Fast_PIG
13:24 Feudal Age
14:09 Loom
18:54 Castle Age
17:18 Forging
17:45 Gold Mining
18:15 Horse Collar
19:05 Double-Bit Axe
20:56 Bow Saw
26:28 Scale Barding Armor
27:56 Iron Casting
28:47 Wheelbarrow
28:51 Bloodlines
28:41 Husbandry
29:34 Szlachta Privileges
30:24 Hand Cart
31:36 Chain Barding Armor
33:06 Heavy Plow
32:59 Stone Mining
46:14 Imperial Age
45:50 Murder Holes
46:06 Masonry
46:32 Cavalier
48:41 Conscription
口古口古嘎嘎
5:33 Loom
15:50 Feudal Age
16:50 Town Watch
19:35 Fishing Lines
22:00 Castle Age
23:45 Wheelbarrow
23:04 Gillnets
39:06 Hand Cart
42:05 Horse Collar
45:05 Hand Cart
47:55 Padded Archer Armor
~BroKen~
3:24 Loom
14:43 Feudal Age
21:21 Castle Age
19:43 Double-Bit Axe
21:17 Wheelbarrow
20:28 Horse Collar
24:56 Forging
29:15 Town Watch
29:57 Scale Mail Armor
32:56 Chain Mail Armor
34:22 Iron Casting
34:44 Squires
34:30 Arson
35:26 Royal Heirs
35:49 Hand Cart
47:07 Imperial Age
46:57 Fishing Lines
Bel
4:30 Loom
12:44 Feudal Age
14:51 Town Watch
18:29 Castle Age
16:48 Fletching
17:04 Double-Bit Axe
21:52 Padded Archer Armor
22:01 Bodkin Arrow
30:18 Horse Collar
34:27 Bow Saw
34:21 Heavy Plow
34:28 Heavy Plow
35:22 Wheelbarrow
36:15 Stone Mining
36:32 Gold Mining
38:17 Hand Cart
40:50 Imperial Age
38:53 Forging
40:43 Gold Shaft Mining
41:55 Iron Casting
42:00 Conscription
41:12 Elite Bolas Rider
42:42 Malon
42:51 Padded Archer Armor
42:23 Elite Kona
43:53 Coinage
44:50 Blast Furnace
44:12 Leather Archer Armor
44:37 Butalmapu
45:46 Banking
46:18 Siege Engineers
46:34 Ballistics
47:15 Chemistry
46:54 Treadmill Crane
47:24 Masonry
Connection lost

Rejoining the realm…

Still unreachable

The connection could not be restored.

Session expired

The server has moved on; the page needs a fresh start.